AoeStats
← my_dad

Arabia

510211683Analyzed
1v1 RM · 11h ago on Sep 30, 2026· 34m 21s· 2 players
Game mode
Random Map
Map size
Tiny (2 player)
Population
200
Speed
Normal
Resources
Standard
Victory
Conquest
Starting age
Dark Age
Ending age
Imperial Age
RankedLock teamsTeams togetherTeam positionsShared explorationLock speedFull tech treeHidden civsTurbo modeCheats
Victory
Defeat
🇦🇷 Bengalis · Argentina
1572
+12
🇩🇪 Mongols · Germany
1479
-12
Cochesito
6:18 Loom
8:46 Feudal Age
9:26 Double-Bit Axe
12:41 Horse Collar
16:41 Wheelbarrow
19:41 Castle Age
17:39 Gold Mining
18:18 Fletching
19:22 Bloodlines
19:37 Padded Archer Armor
20:51 Bow Saw
20:56 Husbandry
22:40 Ballistics
23:24 Bodkin Arrow
30:36 Hand Cart
30:07 Town Watch
33:03 Leather Archer Armor
32:52 Stone Mining
my_dad
6:32 Loom
8:47 Feudal Age
12:36 Double-Bit Axe
12:32 Horse Collar
17:40 Wheelbarrow
20:49 Castle Age
18:54 Gold Mining
20:22 Bloodlines
20:27 Forging
21:31 Scale Barding Armor
22:31 Chain Barding Armor
30:40 Elite Skirmisher
31:11 Fletching
Connection lost

Rejoining the realm…

Still unreachable

The connection could not be restored.

Session expired

The server has moved on; the page needs a fresh start.